 Dungeon Crawl Stone Soup version 0.31.0-12-g77e489cdc1 (webtiles) character file.

Game seed: 2606689209297785537

1176 Koenig04 the Cleaver (level 8, 0/70 HPs)
             Began as a Hill Orc Fighter on Feb 15, 2024.
             Slain by a yak (6 damage)
             ... on level 6 of the Dungeon on Feb 18, 2024.
             The game lasted 00:49:32 (5178 turns).

Koenig04 the Cleaver (Hill Orc Fighter)             Turns: 5178, Time: 00:49:33

Health: 0/70       AC: 10    Str: 21    XL:     8   Next: 41%
Magic:  8/8        EV: 10    Int: 11    God:
Gold:   244        SH:  4    Dex: 10    Spells: 6/7 levels left

rFire   . . .        a - +0 war axe
rCold   . . .        c - +0 buckler
rNeg    . . .        b - +0 scale mail
rPois   .            d - +2 helmet {Int+3}
rElec   .            (no cloak)
rCorr   .            (no gloves)
SInv    +            (no boots)
Will    .....        (no amulet) Stlth
                     h - ring of see invisible
HPRegen 0.31/turn    (no ring)
MPRegen 0.11/turn

%: no passive effects
@: no status effects
A: no striking features
a: no special abilities


You were on level 6 of the Dungeon.
You visited 1 branch of the dungeon, and saw 6 of its levels.

You collected 244 gold pieces.

Inventory:

Hand Weapons
 a - a +0 war axe (weapon)
 j - the +5 spear of Jinah Telu {spect, rF+ rN+++ Str-3 Stlth+}
   (You found it on level 2 of the Dungeon)

   Str-3:     It affects your strength (-3).
   rF+:       It protects you from fire.
   rN+++:     It renders you almost immune to negative energy.
   Stlth+:    It makes you more stealthy.
 o - a +2 dagger of protection
 s - the +9 staff of Olgreb {rPois∞}
   (You acquired it on level 4 of the Dungeon)

   Radiate:   It can be activated via the 'a'bility menu to radiate toxic
   energy, with effectiveness depending on Evocations skill.
   Alch:      It enhances your alchemy magic.
   rPois∞: It grants immunity to poison.
Missiles
 g - 40 stones
 r - 7 poisoned darts
Armour
 b - a +0 scale mail (worn)
 c - a +0 buckler (worn)
 d - a +2 helmet of intelligence (worn)
Magical Staves
 v - a staff of earth
Jewellery
 h - a ring of see invisible (left hand)
 m - an amulet of faith
 t - a +4 ring of protection
Wands
 n - a wand of mindburst (10)
 q - a wand of roots (5)
Scrolls
 f - 4 scrolls of revelation
 i - a scroll of vulnerability
 p - a scroll of amnesia
Potions
 e - 2 potions of attraction
 k - 3 potions of berserk rage
 l - a potion of curing


   Skills:
 + Level 6.1 Fighting
 + Level 8.6 Axes
 + Level 6.1 Armour
 + Level 1.3 Dodging
 + Level 0.6 Stealth
 + Level 4.4 Shields
 + Level 0.4 Spellcasting
 + Level 0.4 Conjurations
 + Level 0.3 Alchemy


You had 6 spell levels left.
You knew the following spells:

 Your Spells              Type           Power      Damage    Failure   Level
a - Sting                 Conj/Alch      4%         1d3       67%         1

Your spell library contained the following spells:

 Spells                   Type           Power      Damage    Failure   Level
 Mercury Vapours          Alch/Air       0%         N/A       83%         2
 Scorch                   Fire           0%         2d5       85%         2
 Dazzling Flash           Conj/Hex       0%         N/A       96%         3
 Mephitic Cloud           Conj/Alch/Air  0%         N/A       96%         3
 Call Canine Familiar     Summ           0%         N/A       97%         3
 Sigil of Binding         Hex            0%         N/A       97%         3
 Dimensional Bullseye     Hex/Tloc       0%         N/A       100%        4
 Flame Wave               Conj/Fire      0%         2d4       100%        4
 Olgreb's Toxic Radiance  Alch           1%         N/A       100%        4
 Curse of Agony           Necr           0%         N/A       100%        5
 Silence                  Hex/Air        0%         N/A       100%        5
 Summon Cactus Giant      Summ           0%         N/A       100%        6


Dungeon Overview and Level Annotations

Branches:
Dungeon (6/15)
 Temple: D:4-7

Altars:

Annotations:
D:3 Grinder


Message History

You hit the yak.
You kill the yak!
Your Armour skill increases to level 6!
You slash the yak!
The yak is moderately wounded.
The yak gores you but does no damage.
You slash the yak!
The yak is heavily wounded.
The yak gores you! The yak gores you.
* * * LOW HITPOINT WARNING * * *
You feel better. The yak gores you.
* * * LOW HITPOINT WARNING * * *
Okay, then.
You closely miss the yak.
The yak is heavily wounded.
The yak gores you but does no damage.
You hit the yak.
The yak is severely wounded.
The yak gores you!
* * * LOW HITPOINT WARNING * * *
Aiming: Fastroot
Press: ? - help, Shift-Dir - straight line, f - yak
Aim: a yak (heavily wounded)
The roots erupt in riotous growth!
Roots grab the yak. x2
The grasping roots constrict the yak. x2; The yak gores you but does no damage.
The grasping roots constrict the yak. x2
The roots release their grip on the yak. x2
The yak attacks as it pursues you! The yak gores you!
* * * LOW HITPOINT WARNING * * *
You feel better. You block the yak's attack.
Aiming: Mindburst
Press: ? - help, Shift-Dir - straight line, f/p - yak
Aim: a yak (severely wounded, chance to affect: 64%)
The yak's mind is blasted!
The yak gores you.
* * * LOW HITPOINT WARNING * * *
The yak attacks as it pursues you! The yak gores you.
* * * LOW HITPOINT WARNING * * *
The yak attacks as it pursues you! The yak gores you.
You die... ######### #..Y.Y..# #Y#####.####### #.@# #..Y.YYYY

##.## ##Y.#####
#..# #.# ##.#
.## #.# ..#
#.### .#####
#...## #.....##
###..###......#
##..##......#


You could see a yak.

Vanquished Creatures
  3 yaks (D:6)
  Pargi (D:4)
  A black bear (D:5)
  A phantom (D:4)
  3 jellies
  2 iguanas
  Natasha (thrice) (D:3)
  A sleepcap (D:4)
  Ijyb (D:3)
  Robin (D:4)
  A gnoll (D:4)
  A river rat (D:3)
  9 adders
  2 dart slugs (D:5)
  2 ribbon worms
  An orc (D:6)
  5 bats
  8 endoplasms
  8 giant cockroaches
  9 goblins
  10 hobgoblins
  4 quokkas
  10 ball pythons
  2 frilled lizards (D:1)
  10 kobolds
  5 rats
104 creatures vanquished.

Notes
Turn   | Place    | Note
-------+----------+-------------------------------------------
     0 | D:1      | Koenig04 the Hill Orc Fighter began the quest for the Orb.
     0 | D:1      | Reached XP level 1. HP: 19/19 MP: 1/1
   258 | D:1      | Reached XP level 2. HP: 24/27 MP: 2/2
   500 | D:1      | Reached skill level 3 in Axes
   887 | D:1      | Reached XP level 3. HP: 33/33 MP: 3/3
  1138 | D:2      | Learned a level 1 spell: Sting
  1300 | D:2      | Reached skill level 4 in Axes
  1309 | D:2      | Identified the +5 spear of Jinah Telu {spect, rF+ rN+++
                  | Str-3 Stlth+}
  1391 | D:2      | Reached XP level 4. HP: 39/40 MP: 4/4
  1790 | D:3      | Noticed Natasha
  1797 | D:3      | Killed Natasha
  1798 | D:3      | Reached skill level 5 in Axes
  1837 | D:3      | Noticed Natasha
  1845 | D:3      | Killed Natasha
  1846 | D:3      | Reached XP level 5. HP: 35/46 MP: 5/5
  1897 | D:3      | Noticed Ijyb
  1910 | D:3      | Killed Ijyb
  2048 | D:3      | Noticed Grinder
  2054 | D:3      | Paralysed by Grinder for 5 turns
  2387 | D:3      | Noticed Natasha
  2404 | D:3      | Killed Natasha
  2575 | D:3      | Paralysed by Grinder for 3 turns
  2588 | D:3      | Paralysed by Grinder for 3 turns
  2597 | D:3      | Paralysed by Grinder for 4 turns
  3146 | D:4      | Noticed a phantom
  3159 | D:4      | Killed a phantom
  3160 | D:4      | Reached skill level 5 in Fighting
  3160 | D:4      | Reached skill level 6 in Axes
  3160 | D:4      | Reached XP level 6. HP: 47/56 MP: 6/6
  3208 | D:4      | Noticed Pargi
  3229 | D:4      | Killed Pargi
  3410 | D:4      | Noticed Robin
  3433 | D:4      | Killed Robin
  3434 | D:4      | Reached XP level 7. HP: 61/61 MP: 7/7
  3689 | D:4      | Reached skill level 7 in Axes
  3842 | D:4      | Identified a scroll of acquirement
  3842 | D:4      | Acquired the +9 staff of Olgreb {rPois∞}
  3842 | D:4      | Found the +9 staff of Olgreb {rPois∞}
  4032 | D:5      | Entered Level 5 of the Dungeon
  5026 | D:6      | Reached skill level 5 in Armour
  5130 | D:6      | Noticed a yak
  5130 | D:6      | Noticed a yak
  5130 | D:6      | Noticed a yak
  5130 | D:6      | Noticed a yak
  5130 | D:6      | Noticed a yak
  5132 | D:6      | Noticed a yak
  5145 | D:6      | Killed a yak
  5146 | D:6      | Reached skill level 8 in Axes
  5146 | D:6      | Reached skill level 1 in Dodging
  5146 | D:6      | Reached XP level 8. HP: 59/70 MP: 8/8
  5152 | D:6      | Killed a yak
  5166 | D:6      | Killed a yak
  5173 | D:6      | HP: 2/70 [yak (11)]
  5178 | D:6      | Slain by a yak

Illustrated notes

Levels and vault maps discovered:
D:1:      lightli_arrival_statuegarden, layout_loops_ring, serial_aquarium,
          aquarium_bridge_square [aquarium_subvault_bridge,
          aquarium_subvault_bridge, aquarium_subvault_wall,
          aquarium_subvault_bridge], aquarium_window_fake, aquarium_window_1,
          aquarium_window_2, aquarium_view_2b, aquarium_view_2d,
          aquarium_balcony_5b
D:2:      layout_basic
D:3:      layout_loops_ring, gup_sewer_entry_spiral, uniq_ijyb, uniq_grinder,
          uniq_natasha
D:4:      layout_basic, grunt_tough_drop, uniq_pargi, uniq_robin
D:5:      layout_basic
D:6:      layout_rooms, serial_shops, shop

Skill      XL: |  1  2  3  4  5  6  7  8 |
---------------+-------------------------+-----
Axes           | 3 4 5 6 8 |  8.6
Fighting       | 4 5 6 |  6.1
Armour         | 4 5 6 |  6.1
Shields        | 4 |  4.4
Dodging        | 1 |  1.3
Stealth        | |  0.6
Spellcasting   | |  0.4
Conjurations   | |  0.4
Alchemy        | |  0.3

Action                     |  1- 3 |  4- 6 |  7- 9 || total
---------------------------+-------+-------+-------++-------
  Melee: War axe           |    94 |   161 |   127 ||   382
   Cast: Sting             |       |       |     2 ||     2
  Evoke: Wand              |       |       |     2 ||     2
    Use: Scroll            |     6 |     3 |     2 ||    11
         Potion            |       |     4 |     4 ||     8
 Armour: Scale mail        |    57 |   119 |    97 ||   273
  Dodge: Dodged            |    36 |    75 |    53 ||   164
  Block: Buckler           |    23 |    24 |    29 ||    76
